 Dungeon Crawl Stone Soup version 0.27-a0-1529-g1e82c303ef (webtiles) character file.

Game seed: 16992226503335259188

116 blackman the Charlatan (level 5, -5/31 (35) HPs)
             Began as a Human Wanderer on July 11, 2021.
             Slain by an orc priest (6 damage)
             ... on level 3 of the Dungeon.
             The game lasted 00:12:41 (3739 turns).

blackman the Charlatan (Human Wanderer)             Turns: 3739, Time: 00:12:41

HP:   -5/31 (35)    AC:  5    Str: 13    XL:     5   Next: 20%
MP:   9/9           EV:  7    Int: 11    God:
Gold: 74            SH:  5    Dex: 14    Spells: 10/10 levels left

rFire    . . .     SeeInvis .   j - +0 spear
rCold    . . .     Faith    .   (no shield)
rNeg     . . .     Spirit   .   f - +0 ring mail
rPois    .         Reflect  +   (no helmet)
rElec    .         Harm     .   (no cloak)
rCorr    .         Rampage  .   (no gloves)
Will     .....                  (no boots)
Stlth    +.........             k - amulet of reflection
HPRegen  0.10/turn              (no ring)
MPRegen  0.11/turn              (no ring)

@: lethally poisoned (-5 -> -16), about to teleport, constricted, heavily
drained
A: no striking features
a: no special abilities


You were on level 3 of the Dungeon.
You visited 1 branch of the dungeon, and saw 3 of its levels.

You collected 74 gold pieces.

Inventory:

Hand Weapons
 a - a +0 dagger
 j - a +0 spear (weapon)
 m - a +1 whip of draining
Missiles
 i - 14 poisoned darts
Armour
 b - a +0 robe
 d - a +0 leather armour
 f - a +0 ring mail (worn)
Jewellery
 k - an amulet of reflection (around neck)
Wands
 c - a wand of paralysis (11) (quivered)
Scrolls
 h - a scroll of identify
 l - a scroll of immolation
Potions
 g - a potion of attraction


   Skills:
 - Level 1.9 Short Blades
 * Level 2.0 Polearms
 - Level 2.0 Bows
 - Level 1.0 Armour
 - Level 3.0 Spellcasting
 - Level 1.0 Hexes
 - Level 1.0 Earth Magic
 - Level 3.7 Evocations


You had 10 spell levels left.
You didn't know any spells.
Your spell library contained the following spells:

 Spells                   Type           Power      Damage    Failure   Level
 Corona                   Hex            3%         N/A       36%         1
 Shock                    Conj/Air       4%         1d3       50%         1
 Dazzling Flash           Conj/Hex       4%         N/A       80%         3
 Mephitic Cloud           Conj/Pois/Air  1%         N/A       86%         3


Dungeon Overview and Level Annotations

Branches:
Dungeon (3/15)

Altars:

Annotations:
D:3 Sigmund


Message History

You hear a bark!
A ball python comes into view.
An orc comes into view. It is wielding a +0 hand axe.
A ball python comes into view.
Reach: j) +0 spear
Press: ? - help, Dir - move target, f/p - orc priest
Aim: an orc priest, wielding a +0 flail (about 38% to evade your +0 spear)
You reach to attack!
You barely miss the orc priest.
You hit the orc priest but do no damage.
The orc priest hits you with a +0 flail.
You hit the orc priest.
The orc priest is moderately wounded.
The ball python misses you. The ball python barely misses you.
You block the orc priest's attack.
You hit the orc priest.
The orc priest is severely wounded.
The ball python bites you but does no damage.
The ball python grabs you. The ball python constricts you. The adder bites you.
You are poisoned.
The adder poisons you!
The orc priest hits you with a +0 flail!
The ball python bites you but does no damage.
The ball python constricts you.
As you read the scroll of teleportation, it crumbles to dust.
You feel strangely unstable.
You feel sick.
Sigmund looks more healthy.
You block the adder's attack.
The orc priest mumbles some strange prayers to Beogh against you.
Beogh smites you!
* * * LOW HITPOINT WARNING * * *
The ball python closely misses you. The ball python constricts you.
You closely miss the ball python.
* * * LOW HITPOINT WARNING * * *
You feel sick. The adder bites you.
* * * LOW HITPOINT WARNING * * *
You are more poisoned.
The adder poisons you!
The ball python bites you but does no damage.
The ball python constricts you.
The orc priest hits you with a +0 flail.
You die...

#.#.# #.#.#
#.#.# #.#.#
#.#.#
..#####.#.#
........†.#
#.#.###S###
#ho@# #o#S#
...#.# ###
.(@..#..
#..
(.o#######
#.# ... #
#.# .. #.
#.# ##.#
#.#
#...#####.#


You could see Sigmund (paralysed), an orc priest, an adder, 2 orcs, a jackal and
a ball python.

Vanquished Creatures
  4 adders
  4 gnolls (D:3)
  A dart slug (D:1)
  An orc (D:3)
  7 bats (D:1)
  3 endoplasms
  A giant cockroach (D:1)
  4 hobgoblins
  2 jackals (D:3)
  3 quokkas
  5 ball pythons (D:1)
  2 goblins
  3 kobolds (D:1)
  3 rats
43 creatures vanquished.

Vanquished Creatures (others)
  A plant (D:3)
1 creature vanquished.

Grand Total: 44 creatures vanquished

Notes
Turn   | Place    | Note
-------+----------+-------------------------------------------
     0 | D:1      | blackman the Human Wanderer began the quest for the Orb.
     0 | D:1      | blackman set off with the following items: a +0 dagger, a
                  | +0 robe, a wand of paralysis (15); and the following spells
                  | available to memorise: Corona, Shock, Dazzling Flash,
                  | Mephitic Cloud
     0 | D:1      | Reached XP level 1. HP: 13/13 MP: 4/4
   259 | D:1      | Reached skill level 1 in Short Blades
   318 | D:1      | Reached XP level 2. HP: 18/19 MP: 6/6
   859 | D:1      | Found a faded altar of an unknown god.
  1156 | D:1      | Reached XP level 3. HP: 24/24 MP: 7/7
  2790 | D:3      | Reached XP level 4. HP: 28/30 MP: 8/8
  2847 | D:3      | Reached skill level 1 in Polearms
  3035 | D:3      | Reached XP level 5. HP: 7/35 MP: 9/9
  3730 | D:3      | Noticed Sigmund
  3739 | D:3      | HP: 1/31 [adder (1)]
  3739 | D:3      | Slain by an orc priest

Illustrated notes

Levels and vault maps discovered:
D:1:      erik_arrival_cave_to_civilisation [erik_arrival_cave_to_hall],
          layout_loops_ring, ebering_ecumenical_altar_mist
D:2:      layout_loops_ring, basic_altar, minmay_pentomino_p2
D:3:      layout_loops_ring, gammafunk_temple_overflow_forgotten, uniq_terence,
          uniq_sigmund

Skill      XL: |  1  2  3  4  5 |
---------------+----------------+-----
Short Blades   | 1 |  1.9
Evocations     | 3 |  3.7
Polearms       | 1 2 |  2.0
Bows           | |  2.0
Armour         | |  1.0
Spellcasting   | |  3.0
Hexes          | |  1.0
Earth Magic    | |  1.0

Action                   |  1- 3 |  4- 6 || total
-------------------------+-------+-------++-------
Melee: Dagger            |   137 |     8 ||   145
       Spear             |    65 |    48 ||   113
Throw: Dart              |       |     6 ||     6
Evoke: Wand              |       |     4 ||     4
  Use: Scroll            |     2 |     2 ||     4
 Stab: Sleeping          |     3 |       ||     3
       Paralysed         |       |     5 ||     5
Armor: Leather armour    |     9 |       ||     9
       Robe              |     3 |       ||     3
       Ring mail         |    93 |     7 ||   100
Dodge: Dodged            |   147 |    11 ||   158
Block: Other             |     7 |     8 ||    15

Table legend: (Time is in decaauts)
 A = Elapsed time spent in this place.
 B = Non-inter-level travel time spent in this place.
 C = Inter-level travel time spent in this place.
 D = Time resting spent in this place.
 E = Time spent auto-exploring this place.
 F = Levels seen in this place.
 G = Mean time per level.
                   A        B        C        D        E       F      G
               +--------+--------+--------+--------+--------+-----+--------+
         Total |   3735 |   3317 |    418 |   1125 |   1655 |   3 | 1245.0 |
       Dungeon |   3735 |   3317 |    418 |   1125 |   1655 |   3 | 1245.0 |
               +--------+--------+--------+--------+--------+-----+--------+

Top non-repeatable levels by time:
     D:1: 2212 daAuts
     D:3: 959 daAuts
     D:2: 563 daAuts
